AoeStats
← Sylar

Pilgrims

508043060Analyzed
3v3 RM · 2mo ago on Sep 20, 2026· 42m 39s· 6 players
Game mode
Random Map
Map size
Normal (6 player)
Population
200
Speed
Normal
Resources
Standard
Victory
Conquest
Starting age
Dark Age
Ending age
Imperial Age
RankedLock teamsTeams togetherTeam positionsShared explorationLock speedFull tech treeHidden civsTurbo modeCheats
Victory
Defeat
🇫🇷 Goths · France
793
+15
🇫🇷 Persians · France
762
+16
🇫🇷 Bohemians · France
751
+17
vs
🇨🇿 Britons · Czechia
1000
-93
🇨🇿 Cumans · Czechia
677
-12
🇨🇿 Shu · Czechia
632
-11
Nomisteak
4:43 Loom
12:45 Feudal Age
14:12 Double-Bit Axe
20:00 Fishing Lines
20:42 Man-at-Arms
23:37 Castle Age
22:04 Forging
23:18 Arson
23:37 Horse Collar
24:02 Scale Mail Armor
25:40 Squires
25:01 Long Swordsman
33:28 Wheelbarrow
32:39 Town Watch
33:11 Heavy Plow
33:29 Bow Saw
33:38 Chain Mail Armor
33:58 Iron Casting
35:43 Hand Cart
35:43 Padded Archer Armor
35:34 Fletching
42:30 Chemistry
41:11 Treadmill Crane
41:27 Murder Holes
41:53 Ballistics
41:44 Masonry
41:54 Leather Archer Armor
41:35 Bodkin Arrow
44:33 Imperial Age
43:10 Town Patrol
CrêpeCaramel
6:50 Loom
15:05 Feudal Age
15:36 Double-Bit Axe
15:44 Man-at-Arms
17:29 Forging
17:26 Scale Barding Armor
19:32 Scale Mail Armor
26:53 Castle Age
33:33 Iron Casting
33:16 Chain Mail Armor
34:13 Bow Saw
33:47 Horse Collar
34:01 Gold Mining
34:04 Stone Mining
34:18 Long Swordsman
35:01 Squires
37:06 Wheelbarrow
36:17 Town Watch
40:20 Hand Cart
Sylar
10:21 Loom
13:22 Feudal Age
17:29 Fishing Lines
18:17 Bloodlines
18:52 Double-Bit Axe
21:59 Scale Barding Armor
22:05 Forging
28:52 Castle Age
26:34 Horse Collar
26:46 Stone Mining
26:48 Gold Mining
32:25 Wheelbarrow
31:36 Town Watch
34:38 Town Patrol
37:00 Heavy Plow
37:36 Bow Saw
43:39 Imperial Age
41:25 Hand Cart
41:23 Fletching
dvorak_prace
4:07 Loom
13:51 Feudal Age
14:27 Double-Bit Axe
18:03 Forging
21:56 Horse Collar
21:52 Man-at-Arms
22:37 Scale Mail Armor
23:31 Fletching
37:50 Castle Age
Sejko Nopí
16:48 Feudal Age
26:58 Padded Archer Armor
36:27 Wheelbarrow
Who Is !Yuri
7:30 Loom
16:33 Feudal Age
17:06 Double-Bit Axe
17:53 Gold Mining
19:01 Wheelbarrow
18:19 Man-at-Arms
19:04 Horse Collar
26:02 Castle Age
27:39 Forging
27:39 Fletching
27:55 Scale Barding Armor
29:06 Gambesons
29:21 Squires
28:42 Long Swordsman
29:31 Crossbowman
Connection lost

Rejoining the realm…

Still unreachable

The connection could not be restored.

Session expired

The server has moved on; the page needs a fresh start.